 Dungeon Crawl Stone Soup version 0.20.1-1-g8b1a95d (console) character file.

15238 hilaritas the Blocker (level 11, -2/104 HPs)
             Began as a Deep Dwarf Fighter on Dec 9, 2017.
             Was a High Priest of Okawaru.
             Killed from afar by Azrael (36 damage)
             ... with damnation
             ... on level 13 of the Dungeon.
             The game lasted 00:34:55 (9939 turns).

hilaritas the Blocker (Deep Dwarf Fighter)          Turns: 9939, Time: 00:34:56

Health: -2/104     AC: 25    Str: 28    XL:     11   Next: 99%
Magic:  7/10       EV: 14    Int:  9    God:    Okawaru [*****.]
Gold:   86         SH: 15    Dex: 12    Spells: 10/10 levels left

rFire    . . .     SeeInvis +   x - +0 scimitar (elec)
rCold    . . .     Gourm    .   c - +0 shield
rNeg     + + +     Faith    .   i - +0 acid dragon scales
rPois    .         Spirit   .   a - +5 hat "Ygoror" {*Slow rN+++ Str+5}
rElec    .         Reflect  .   t - +0 cloak
rCorr    +         Harm     .   b - +2 pair of gloves
MR       +....                  A - +0 pair of boots
Stlth    ++........             (no amulet)
Regen    0.0/turn               m - ring of see invisible
MPRegen  0.2/turn               v - +5 ring of protection

@: heroism, finesse, non-regenerating
A: damage resistance, heal wounds, sense surroundings 2, no regeneration
a: Heal Wounds, Heroism, Finesse, Renounce Religion


You were on level 13 of the Dungeon.
You worshipped Okawaru.
Okawaru was extremely pleased with you.
You were not hungry.

You visited 1 branch of the dungeon, and saw 13 of its levels.

You collected 603 gold pieces.
You spent 517 gold pieces at shops.

Inventory:

Hand Weapons
 x - a +0 scimitar of electrocution (weapon)
 L - a +1 rapier of venom
 M - a +0 falchion of slicing
Missiles
 B - 8 javelins of returning (quivered)
 D - a throwing net
Armour
 a - the +5 hat "Ygoror" (worn) {*Slow rN+++ Str+5}
   (You found it on level 11 of the Dungeon)

   It affects your strength (+5).
   It renders you almost immune to negative energy.
   It may slow you when you take damage.
 b - a +2 pair of gloves (worn)
 c - a +0 shield (worn)
 i - +0 acid dragon scales (worn)
 t - a +0 cloak (worn)
 A - a +0 pair of boots (worn)
Jewellery
 g - an uncursed ring of flight
 m - a ring of see invisible (left hand)
 q - an uncursed ring of ice
 v - a +5 ring of protection (right hand)
 J - a +3 ring of dexterity
Wands
 h - a wand of polymorph (16/24)
 s - a wand of iceblast (7/15)
 u - a wand of disintegration (24/24)
 y - a wand of disintegration (10/24)
 C - a wand of iceblast (6/15)
Scrolls
 e - 5 scrolls of identify
 n - 2 scrolls of amnesia
 o - a scroll of remove curse
 F - 2 scrolls of teleportation
 I - 3 scrolls of blinking
 K - a scroll of fear
Potions
 d - 2 potions of ambrosia
 j - 4 potions of curing
 k - 2 potions of agility
 p - a potion of degeneration {unknown}
 r - 2 potions of mutation
 G - 2 potions of might
Books
 H - a book of Maledictions

   Spells                             Type                      Level
   a - Corona                         Hexes                        1
   b - Ensorcelled Hibernation        Hexes/Ice                    2
   c - Confuse                        Hexes                        3
   d - Tukima's Dance                 Hexes                        3
   e - Dazzling Spray                 Conjuration/Hexes            3
Comestibles
 f - 7 bread rations
 l - 3 meat rations
 w - a chunk of flesh
 z - 3 royal jellies
 E - 3 fruits


   Skills:
 + Level 8.5(13.5) Fighting
 - Level 10.1(15.1) Long Blades
 + Level 5.8(10.8) Armour
 + Level 12.7(17.7) Shields
 - Level 10.0 Invocations


You had 10 spell levels left.
You didn't know any spells.

Dungeon Overview and Level Annotations

Branches:
Dungeon (13/15)            Temple (0/1) D:7            Lair (0/6) D:10
    Orc (0/2) D:12
 Vaults: D:13-14

Altars:
Ashenzari
Hepliaklqana
Okawaru
Qazlal
Ru
Sif Muna
Xom
Zin

Shops:
D:5 =   D:11 ?   D:12 :

Annotations:
D:13 Azrael


Innate Abilities, Weirdness & Mutations

You are resistant to damage.
You can heal yourself by infusing magical energy.
You passively map the area around you.
You do not regenerate.


Message History

You are covered in liquid flames!
Azrael gestures at you.
The fireball explodes!
The fireball engulfs you!
* * * LOW HITPOINT WARNING * * *
The fireball engulfs Azrael.
Azrael completely resists.
You feel much better.
You are covered in liquid flames!
You block Azrael's attack.
Your acid dragon scales prevents you from hitting Azrael.
Azrael is heavily wounded.
You are covered in liquid flames!
You hit Azrael but do no damage. Lightning courses through Azrael!
Azrael is severely wounded.
You hit Azrael but do no damage.
Azrael is severely wounded.
You hit Azrael.
Azrael is severely wounded.
Azrael gestures at you.
The sphere of damnation explodes!
The damnation engulfs you!
You die...

, , * , * *,, * * *
,, * * , * *, * , ,
, , * ** * .. , *
##+#* *.#,### *
#...# #####.#... , ,
* * .....# #...#.#.#
* ,,* * ,......#
#.#.....# ,
,.......##.......+ ,
......R@........+ *
,,.......###......+
*, * ...>..#
#.#....# , **
.....#####.####.#*
#...# #.........#, ,
##+#* #..#.#.#..# ,
, * #..#...#..#,,⌠ ,
, * #..##..#..# ,
*,, ,, , #.#...##..#
,, *
*#.........###### *,
...######)##........


You could see Azrael.

Vanquished Creatures
  A centaur warrior (D:11)
  3 death yaks (D:10)
  An ugly thing (D:12)
  A manticore (D:11)
  A centaur zombie (D:10)
  Psyche (D:8)
  A centaur skeleton (D:10)
  A kobold demonologist (D:12)
  A komodo dragon (D:10)
  4 trolls
  A hornet (D:12)
  4 hippogriffs
  A vampire (D:12)
  A shadow (D:11)
  Grum (D:9)
  2 hungry ghosts
  Menkaure (D:4)
  An acid dragon (D:11)
  5 hell hounds (D:13)
  2 sky beasts
  8 orc warriors
  5 necrophages
  An eye of draining (D:10)
  6 ice beasts
  6 ogres
  2 phantoms (D:4)
  3 wolves (D:9)
  2 centaurs
  A big kobold (D:8)
  3 bullfrogs
  A gnoll sergeant (D:3)
  2 scorpions (D:11)
  20 killer bees
  11 wights
  2 howler monkeys
  7 crimson imps
  2 quasits
  2 bullfrog zombies
  2 hounds
  3 jellies
  8 orc priests
  A bullfrog skeleton (D:4)
  4 gnoll shamans (D:3)
  13 orc wizards
  2 hell rats (D:10)
  Ijyb (D:3)
  Terence (D:2)
  5 iguanas
  9 worker ants
  3 hound zombies
  2 human simulacra (D:13)
  A hound skeleton (D:4)
  3 mummies (D:10)
  5 worker ant zombies
  32 gnolls
  A howler monkey skeleton (D:6)
  11 adders
  2 river rats (D:10)
  A shadow imp (D:12)
  An ooze (D:5)
  2 adder skeletons (D:4)
  An adder zombie (D:8)
  4 worms
  3 dart slugs
  7 leopard geckos
  41 orcs
  8 giant cockroaches
  2 hobgoblins
  25 jackals
  3 quokkas
  A ball python (D:4)
  10 bats
  6 frilled lizards
  4 goblins
  A jackal skeleton (D:4)
  16 kobolds
  5 rats
368 creatures vanquished.

Vanquished Creatures (others)
  2 withered plants (D:10)
2 creatures vanquished.

Grand Total: 370 creatures vanquished

Notes
Turn   | Place    | Note
-------+----------+-------------------------------------------
     0 | D:1      | hilaritas the Deep Dwarf Fighter began the quest for the Orb.
     0 | D:1      | Reached XP level 1. HP: 20/20 MP: 1/1
   260 | D:1      | Reached XP level 2. HP: 25/27 MP: 2/2
  1127 | D:2      | Reached XP level 3. HP: 32/34 MP: 3/3
  1146 | D:2      | Found a shimmering altar of Xom.
  1146 | D:2      | Found an iron altar of Okawaru.
  1152 | D:2      | Became a worshipper of Warmaster Okawaru
  1249 | D:2      | Noticed a fire elemental
  1251 | D:2      | Found a stormy altar of Qazlal.
  1281 | D:2      | Reached XP level 4. HP: 27/42 MP: 4/4
  1292 | D:2      | Noticed an air elemental
  1292 | D:2      | Noticed a water elemental
  1292 | D:2      | Noticed an earth elemental
  1303 | D:2      | Noticed Terence
  1330 | D:2      | Killed Terence
  1433 | D:2      | Reached skill level 4 in Shields
  1434 | D:2      | Found a glowing silver altar of Zin.
  1504 | D:2      | Found a faded altar of an unknown god.
  1720 | D:3      | Noticed Ijyb
  1734 | D:3      | Killed Ijyb
  1734 | D:3      | Reached skill level 1 in Invocations
  1734 | D:3      | Reached XP level 5. HP: 16/49 MP: 5/5
  2060 | D:3      | Reached * piety under Okawaru
  2071 | D:3      | Reached XP level 6. HP: 15/56 MP: 4/7
  2081 | D:3      | Reached skill level 5 in Long Blades
  2569 | D:3      | Reached XP level 7. HP: 46/63 MP: 9/9
  3027 | D:4      | Reached ** piety under Okawaru
  3071 | D:4      | Noticed Menkaure
  3083 | D:4      | Killed Menkaure
  3099 | D:4      | Reached skill level 5 in Shields
  3159 | D:4      | Reached XP level 8. HP: 50/72 MP: 8/10
  3552 | D:4      | Reached *** piety under Okawaru
  3569 | D:4      | Found a deep blue altar of Sif Muna.
  3578 | D:4      | Found a sacrificial altar of Ru.
  3606 | D:5      | Entered Level 5 of the Dungeon
  3925 | D:5      | Reached skill level 5 in Invocations
  4061 | D:5      | Found Puoxtyar's Jewellery Boutique.
  4078 | D:5      | Reached skill level 6 in Shields
  4087 | D:5      | Bought an uncursed ring of see invisible for 195 gold pieces
  4321 | D:6      | Gained mutation: You passively map the area around you. [Deep Dwarf growth]
  4321 | D:6      | Reached XP level 9. HP: 41/79 MP: 7/10
  4368 | D:6      | Found a shattered altar of Ashenzari.
  4747 | D:6      | Found a hazy altar of Hepliaklqana.
  5361 | D:7      | Found a staircase to the Ecumenical Temple.
  5469 | D:7      | Received a gift from Okawaru
  5615 | D:7      | Found a shattered altar of Ashenzari.
  5794 | D:8      | Noticed Psyche
  5808 | D:8      | Killed Psyche
  5808 | D:8      | Reached skill level 10 in Long Blades
  5823 | D:8      | Reached skill level 7 in Shields
  5878 | D:8      | Reached skill level 5 in Fighting
  5998 | D:8      | Reached **** piety under Okawaru
  6136 | D:8      | Reached skill level 8 in Shields
  6570 | D:9      | Reached XP level 10. HP: 58/91 MP: 10/12
  6776 | D:9      | Noticed Grum
  6805 | D:9      | Killed Grum
  7137 | D:10     | Entered Level 10 of the Dungeon
  7171 | D:10     | Reached skill level 9 in Shields
  7235 | D:10     | Reached ***** piety under Okawaru
  7388 | D:10     | Noticed a death yak
  7423 | D:10     | Killed a death yak
  7423 | D:10     | Reached skill level 10 in Shields
  7431 | D:10     | Found a staircase to the Lair.
  7432 | D:10     | Noticed a death yak
  7434 | D:10     | Noticed a death yak
  7468 | D:10     | Killed a death yak
  7478 | D:10     | Killed a death yak
  7538 | D:10     | Received a gift from Okawaru
  7538 | D:10     | Reached XP level 11. HP: 52/100 MP: 13/13
  7598 | D:10     | Reached skill level 11 in Shields
  8260 | D:11     | Noticed a centaur warrior
  8294 | D:11     | Killed a centaur warrior
  8484 | D:11     | Got a faintly humming hat
  8490 | D:11     | Identified the +5 hat "Ygoror" {*Slow rN+++ Str+5} (You found it on level 11 of the Dungeon)
  8573 | D:11     | Reached skill level 5 in Armour
  8672 | D:11     | Found Fothrenk's Magic Scroll Emporium.
  8680 | D:11     | Bought a scroll of brand weapon for 280 gold pieces
  8680 | D:11     | Bought a scroll of remove curse for 42 gold pieces
  9012 | D:11     | Reached skill level 10 in Invocations
  9033 | D:12     | Noticed a green ugly thing
  9045 | D:12     | Killed a green ugly thing
  9155 | D:12     | Reached skill level 12 in Shields
  9194 | D:12     | Found a staircase to the Orcish Mines.
  9279 | D:12     | Noticed a soul eater
  9324 | D:12     | Received a gift from Okawaru
  9327 | D:12     | Got a shimmering hat {god gift}
  9338 | D:12     | Identified the +0 hat "Juerch" {Dex+4} (Okawaru gifted it to you on level 12 of the Dungeon)
  9381 | D:12     | Found Guenoxege's Book Boutique.
  9894 | D:13     | Noticed Azrael
  9939 | D:13     | Killed from afar by Azrael

Skill      XL: |  1  2  3  4  5  6  7  8  9 10 11 |
---------------+----------------------------------+-----
Fighting       | 3 4 5 7 8 |  8.5
Long Blades    | 3 4 5 7 9 10 | 10.1
Shields        | 4 5 6 8 10 12 | 12.7
Invocations    | 1 2 3 4 5 7 8 10 | 10.0
Armour         | 5 |  5.8

Action                   |  1- 3 |  4- 6 |  7- 9 | 10-12 || total
-------------------------+-------+-------+-------+-------++-------
Melee: Long sword        |    98 |   349 |   745 |   576 ||  1768
       Scimitar          |       |       |       |   166 ||   166
       Falchion          |       |       |       |    57 ||    57
Throw: Throwing net      |       |       |     6 |       ||     6
       Javelin           |       |       |       |     1 ||     1
Invok: Heroism           |       |     1 |    11 |    22 ||    34
       Finesse           |       |       |       |     1 ||     1
 Abil: Heal Wounds       |       |     4 |     9 |    17 ||    30
  Use: Scroll            |       |       |     8 |     9 ||    17
       Potion            |       |       |     1 |     1 ||     2
 Stab: Held in net/web   |       |       |     3 |       ||     3
       Sleeping          |       |       |       |     2 ||     2
  Eat: Chunk             |     1 |     6 |    13 |    13 ||    33
       Royal jelly       |       |       |       |     1 ||     1
Armor: Scale mail        |    42 |     4 |       |       ||    46
       Chain mail        |       |    48 |       |       ||    48
       Plate armour      |       |   158 |   339 |   212 ||   709
       Acid dragon scale |       |       |       |    35 ||    35
Dodge: Dodged            |    35 |    84 |   111 |   167 ||   397
Block: Shield            |    45 |   200 |   364 |   408 ||  1017
       Rpst.: Long sword |    10 |    27 |    35 |    28 ||   100
       Scimitar          |       |       |       |    10 ||    10
       Falchion          |       |       |       |     1 ||     1
